[Event "Czech Championship U20 Open 2023"]
[Site "Jaromerice nad Rokytnou"]
[Date "2023.03.12"]
[Round "3.6"]
[White "Frank, Adam"]
[Black "Mica, Marek"]
[Result "1-0"]
[ECO "B17"]
[WhiteElo "2391"]
[BlackElo "2248"]
[Annotator "TA"]
[PlyCount "131"]
[EventDate "2023.03.10"]
[EventType "tourn"]
[EventCountry "CZE"]
[SourceTitle "playchess.com"]
[Source "ChessBase"]
[SourceQuality "1"]
[TimeControl "40/5400+30:1800+30"]

1. e4 c6 2. d4 d5 3. Nd2 dxe4 4. Nxe4 Nd7 5. Ng5 Ngf6 6. Bd3 e6 7. Qe2 Bd6 8. N1f3 h6 9. Ne4 Nxe4 10. Qxe4 Nf6 11. Qe2 Qc7 12. Bd2 b6 13. O-O-O Bb7 14. Ne5 c5 15. Bb5+ Ke7 16. dxc5 Qxc5 {[%emt 0:00:06] [#]} 17. a3 $1 {[%emt 0:00:08] Black must now prevent Bb4.} a5 {[%emt 0:00:06] Against Bb4. B17: Caro-Kann: Modern Line (4...Nd7).} (17... Qxe5 $2 18. Qxe5 Bxe5 19. Bb4+ $18) (17... Bxe5 $2 18. Bb4 Bf4+ 19. Kb1 $18) (17... Qc7 $5 ) (17... Qc7 18. Bf4) 18. f4 Rhd8 {[%emt 0:01:27] [#]} 19. Rhf1 $146 (19. Be3 $5 Qc7 $8 20. Kb1 $11) ({Predecessor:} 19. Bd3 Qc7 20. Kb1 Rac8 21. Rhe1 Bd5 22. c4 Bb7 23. g4 Bxe5 24. fxe5 Nxg4 25. Qxg4 {1-0 Bratkovic,J (2212)-Kovacs,A (2006) Senta op 19th 2015 (3)}) 19... Rac8 {[%emt 0:03:06][%csl Gc8][%cal Rc5c2] The position is equal.} 20. Be3 {[%emt 0:18:51] Dancing on a razor blade.} Qc7 21. Bd3 (21. Kb1 {seems wilder.} Be4 22. Nc4 Bc5 23. Bc1) 21... Kf8 (21... Bxe5 {keeps more tension.} 22. fxe5 Qxe5 23. Bxb6 Rd5) 22. Rde1 (22. Kb1 $11) 22... b5 23. Kb1 b4 24. a4 b3 ({Black should try} 24... Be4 $15 25. Nc4 Qc6) 25. cxb3 $11 Bxe5 (25... Qb8 {simplifies} 26. Nc4 Ba6 27. Nxd6 Bxd3+ 28. Qxd3 Rxd6 29. Qb5 Qxb5 30. axb5 Rd3) 26. fxe5 Rxd3 (26... Qxe5 $11 27. Bb6 Qxe2 28. Bxe2 Bxg2) 27. Rc1 (27. exf6 $6 Rxb3 28. Rc1 (28. fxg7+ Kg8 $15) 28... Qd7 29. fxg7+ Kg8 30. Rxc8+ (30. Bxh6 Rxc1+ 31. Rxc1 Rb4 $11) 30... Qxc8 31. Bxh6 (31. Qh5 $2 Be4+ 32. Ka2 Qb7 $19) 31... Rb4 $14) (27. Qxd3 $16 Be4 28. Bc5+ Qxc5 29. Rxe4 Nxe4 30. Qxe4) 27... Qd8 (27... Rxb3 $2 28. Rxc7 (28. exf6 Qd8 $11) 28... Rxc7 29. exf6 $18) (27... Rxe3 $2 28. Qxe3 Qd8 29. Rxc8 Qxc8 30. exf6 $18) 28. Rxc8 Bxc8 (28... Qxc8 $11 {remains equal.} 29. exf6 (29. Qxd3 $2 Be4 $19) 29... Rxb3 30. fxg7+ Kg8 31. Bxh6 (31. Qh5 $2 Be4+ 32. Ka2 Qb7 $19) 31... Rb4) 29. exf6 $16 gxf6 (29... Kg8 $16) 30. Bxh6+ (30. Qh5 $18) 30... Ke7 (30... Ke8 $16) 31. Bg7 $18 Qd5 32. Bxf6+ Kd7 33. Bc3 (33. Rc1 $18 {Qc2 would kill now.} Rd2 34. Qe1) 33... f5 (33... Ba6 $16) 34. g4 {[%emt 0:05:27] gxf5 would be deadly.} Ba6 $2 (34... Qe4 35. Qxe4 fxe4) 35. gxf5 exf5 36. Re1 Qe4 {[%emt 0:01:33] Dodges Qe8+. ( -> ...Rd1+)} 37. Qxe4 (37. Bxa5 Rd1+ 38. Ka2 Bxe2 39. Rxe2 Qxe2 40. h4 f4 41. Bc3 f3 42. Ka3 f2 43. Bf6 f1=Q 44. Bg5 Ra1+ 45. Kb4 Qf8+) 37... fxe4 38. Rxe4 {[%emt 0:00:03][%mdl 4096] Endgame Rd4+ is the strong threat. KRB-KRB} ({Less strong is} 38. Bxa5 Rxb3 39. Kc1 (39. Rxe4 Bd3+ 40. Ka2 Rxb2+ 41. Kxb2 Bxe4 $11) 39... e3 $16) 38... Rh3 {[%emt 0:00:08] Strongly threatening ...Bd3+.} 39. Rd4+ (39. Bxa5 $2 {perishes.} Bd3+ 40. Ka2 Bxe4 $19) 39... Kc6 40. Rd2 Bd3+ 41. Ka2 Kb6 42. Rf2 Be4 43. Ka3 Bc6 44. Rd2 Ka6 45. b4 ({Don't play} 45. Rd6 Kb6 46. Rf6 Rh5) 45... axb4+ 46. Kxb4 Rh4+ 47. Bd4 Bd5 $2 (47... Bd7 {is a better defense.} 48. Ka3 Kb7) 48. Ka3 Rh3+ {[%emt 0:00:26] [#]} 49. Bc3 $1 Bc6 50. Kb4 {[%emt 0:00:00] Threatens to win with Be5.} Rh4+ 51. Bd4 (51. Rd4 $142 Rxh2 52. Rd6 Rh4+ 53. Kc5) 51... Bd5 $1 52. b3 {[%emt 0:00:00] And now Ka3 would win.} Rh7 (52... Be6 $142 53. Ka3 Rh3) 53. Ka3 Rh3 {[%emt 0:00:00] [#]} 54. Bc3 $1 Bc6 (54... Bc4 55. bxc4) 55. Be5 Re3 56. Bf4 Rf3 57. Rd4 Be8 58. h4 Kb6 59. Re4 Bf7 $2 (59... Bh5 60. Be3+ Kc7) 60. Be3+ Ka6 61. Rf4 Bd5 62. Rxf3 {[%emt 0:00:00] White mates.} Bxf3 63. b4 Bd1 64. b5+ Ka5 65. Bd2+ Kb6 66. Kb4 {[%emt 0:00:00] Artfully played by Frank.   Weighted Error Value: White=0.35/Black=0.48} 1-0

[Event "Czech Championship U20 Open 2023"]
[Site "Jaromerice nad Rokytnou"]
[Date "2023.03.12"]
[Round "4.1"]
[White "Hlavina, Matous"]
[Black "Mica, Marek"]
[Result "1/2-1/2"]
[ECO "B76"]
[WhiteElo "2091"]
[BlackElo "2248"]
[Annotator "TA"]
[PlyCount "64"]
[EventDate "2023.03.10"]
[EventType "tourn"]
[EventCountry "CZE"]
[SourceTitle "playchess.com"]
[Source "ChessBase"]
[SourceQuality "1"]
[TimeControl "40/5400+30:1800+30"]

1. e4 c5 2. Nf3 d6 3. d4 cxd4 4. Nxd4 Nf6 5. Nc3 g6 6. Be3 Bg7 7. f3 O-O 8. Qd2 Nc6 9. O-O-O d5 10. Nxc6 bxc6 11. Bc4 {[%emt 0:00:39][%cal Re4d5] White is more active. B76: Sicilian Dragon: Yugoslav Attack, 9 g4 and 9 0-0-0.} Qa5 (11... e6 $11 {remains equal.}) 12. Bb3 e6 13. Kb1 {[%emt 0:00:45][%cal Rc3d5] Nxd5! would be deadly. White is slightly better.} Qc7 14. Bh6 {[%emt 0:04:26] [#]} (14. h4 $5 ) 14... Bb7 $146 (14... dxe4 $11 15. Bxg7 (15. fxe4 Bxh6 16. Qxh6 Qe5 $11) (15. Nxe4 Nxe4 16. fxe4 Bxh6 $11) 15... Kxg7) ({Predecessor:} 14... Bxh6 15. Qxh6 Nh5 16. Ne2 Ba6 17. Qd2 Bxe2 18. Qxe2 Qe5 19. g3 f5 20. Rhe1 Rfe8 {1-0 Von Hoesslin,H-Arafat,A Wch Seniors 01st 1991 (6)}) 15. Bxg7 Kxg7 16. g4 Rad8 17. Qe3 (17. Qf2 $14) 17... dxe4 $1 $11 18. g5 Rxd1+ {[%emt 0:06:12][%mdl 64] [#] Remove Defender} 19. Rxd1 Nd5 20. Bxd5 cxd5 21. fxe4 dxe4 {[%emt 0:00:36] Black is weak on the dark squares} 22. Nxe4 (22. Qxa7 $16 Rc8 23. h4 (23. Qf2 Bd5 $14)) 22... Qe5 {[%emt 0:02:04] The position is equal.} 23. Qc3 Qxc3 24. Nxc3 {[%emt 0:00:02][%mdl 4096] Endgame KRB-KRN} Bc6 {[%emt 0:00:08] Prevents Rd7} 25. Rd6 Rc8 26. Kc1 h6 27. h4 hxg5 28. hxg5 Kf8 29. Kd2 Ke7 30. Rd4 Rh8 31. Rc4 Kd6 32. Ne4+ Bxe4 {[%emt 0:08:57] Weighted Error Value: White=0.20 (precise) /Black=0.16 (very precise)} 1/2-1/2

[Event "Czech Championship U20 Open 2023"]
[Site "Jaromerice nad Rokytnou"]
[Date "2023.03.12"]
[Round "4.2"]
[White "Gnojek, Petr"]
[Black "Frank, Adam"]
[Result "1/2-1/2"]
[ECO "A42"]
[WhiteElo "2313"]
[BlackElo "2391"]
[Annotator "TA"]
[PlyCount "90"]
[EventDate "2023.03.10"]
[EventType "tourn"]
[EventCountry "CZE"]
[SourceTitle "playchess.com"]
[Source "ChessBase"]
[SourceQuality "1"]
[TimeControl "40/5400+30:1800+30"]

1. d4 g6 2. c4 Bg7 3. Nc3 d6 4. e4 e5 5. Nge2 Nd7 6. Be3 Ne7 7. Qd2 O-O {[%emt 0:00:35] A42: Modern Defence: Averbakh Variation.} 8. O-O-O $1 exd4 {[%emt 0:05:36] [#]} (8... a6 {simplifies} 9. h4 h5 10. Ng3 exd4 11. Bxd4 Bxd4 12. Qxd4 Nc5) 9. Bxd4 $146 ({Predecessor:} 9. Nxd4 Ne5 10. Be2 N7c6 11. h4 Nxd4 12. Bxd4 Be6 13. Nd5 Bxd5 14. cxd5 Nd7 15. Bxg7 Kxg7 16. f4 Re8 17. Bf3 h5 18. g3 Qf6 19. Rhe1 Re7 20. Re3 {½-½ Hoi,C (2380)-Sebastian,D (2442) Bundesliga 1819 2018 (9.2)}) 9... Nc6 (9... Ne5 $11) 10. Bxg7 $16 Kxg7 11. Nd5 Nb6 ({Black should play} 11... Nc5 $14) 12. Nec3 {[%emt 0:01:25] White is more active.} Be6 13. h4 h5 14. f3 ({Better is} 14. Be2 $16) 14... Ne5 $14 15. f4 Ng4 16. Qd4+ Kh7 17. Be2 c5 18. Qg1 (18. Qd2 {seems wilder.} Nf2 19. Nxb6 axb6 20. f5) 18... Nxd5 $1 19. exd5 ({White should try} 19. Nxd5 $11 Bxd5 20. cxd5) 19... Bf5 $15 20. Bxg4 Bxg4 21. Re1 Bf5 22. Qe3 a6 (22... Kg8 $15) 23. Qe7 $11 b5 24. Qxd8 Rfxd8 25. Re7 Kg7 (25... bxc4 26. Rxf7+ Kg8 27. Re7 $14) 26. Rhe1 bxc4 27. Ne4 Bxe4 28. R1xe4 {[%emt 0:03:35][%mdl 4096] Endgame KRR-KRR} Kf6 29. Kd2 Rab8 30. Kc3 Rb4 31. Ra7 Rdb8 32. Re2 (32. Ree7 $5 Kf5 33. Rxa6 Rxb2 34. Rxd6 (34. Rxf7+ Ke4 $11) 34... Rxg2 35. a4 $11 (35. Kxc4 Kg4 $11) (35. Rxf7+ Ke4 $11)) 32... Ra4 33. Ree7 {[%emt 0:01:22][%csl Ga7][%cal Re7f7] [#]} Kf5 $1 34. Rxf7+ Ke4 35. Rab7 (35. Rad7 $1 $11 {remains equal.}) 35... Rxb7 $17 36. Rxb7 Rxa2 {[%emt 0:00:18] KR-KR} ({But not} 36... Kxf4 37. a3 $11) (36... Kxd5 $15 37. a3 Ke4) 37. Rg7 $11 Ra1 38. Rxg6 Kxd5 {[%emt 0:04:43] Strongly threatening ...Rc1+.} 39. Rg5+ Ke4 40. Kxc4 (40. Rxh5 $11 {feels stronger.} Rc1+ 41. Kd2) 40... Rc1+ $15 41. Kb3 d5 42. Re5+ (42. Rxh5 d4 43. Re5+ Kxf4 $17) 42... Kxf4 43. Rxd5 {[%emt 0:00:06] The position is equal.} Kg4 44. g3 c4+ 45. Kb4 Rc2 {[%emt 0:00:16] Weighted Error Value: White=0.15 (very precise) /Black=0.11 (very precise)} 1/2-1/2

[Event "Czech Championship U20 Open 2023"]
[Site "Jaromerice nad Rokytnou"]
[Date "2023.03.12"]
[Round "4.3"]
[White "Smolik, Jachym"]
[Black "Kubiczek, Michal"]
[Result "1-0"]
[ECO "A43"]
[WhiteElo "2297"]
[BlackElo "2087"]
[Annotator "TA"]
[PlyCount "43"]
[EventDate "2023.03.10"]
[EventType "tourn"]
[EventCountry "CZE"]
[SourceTitle "playchess.com"]
[Source "ChessBase"]
[SourceQuality "1"]
[TimeControl "40/5400+30:1800+30"]

1. d4 Nf6 2. Nf3 c5 3. d5 b5 4. e4 Nxe4 5. Bd3 Nf6 6. Bxb5 {[%emt 0:00:16] [#] A43: Schmid Benoni.} Qb6 $146 (6... g6 $14) ({Predecessor:} 6... g6 7. O-O Bg7 8. c4 O-O 9. Nc3 d6 10. Re1 Nbd7 11. Bc6 Rb8 12. h3 Nb6 {½-½ Le,Q (2709)-Ponkratov,P (2624) Chess.com Rapid Wk16 Swiss 2022 (5)}) 7. c4 $16 e6 8. Nc3 {[%emt 0:03:12] White is clearly better.} Be7 9. O-O {[%emt 0:00:10] White is more active.} O-O 10. Re1 a6 11. Ba4 Qc7 12. Qd3 d6 {[%emt 0:01:24] [#]} 13. dxe6 $1 Bxe6 14. Ng5 Nc6 15. Bxc6 $40 {[%emt 0:09:22][%mdl 128] White goes for the king.} Qxc6 16. Nxe6 fxe6 17. Rxe6 Rf7 (17... Qd7 {was necessary.} 18. Re2 Rae8) 18. Bg5 $18 Raf8 19. Rae1 Ng4 $2 {[%emt 0:01:02] [#]} (19... Qb7 20. Qe2 h6) 20. Bxe7 {[%emt 0:06:39] White is clearly winning.} Rxf2 21. Qd5 (21. Qxd6 $2 Qxg2#) 21... Ne3 22. R6xe3+ {[%emt 0:00:11] Black did not feel at home in the position after the opening.   Weighted Error Value: White=0.04 (flawless) /Black=0.28 (precise)} (22. Qxc6 $2 {leads to mate.} Rf1+ {[%mdl 64] Back Rank} 23. Rxf1 Rxf1#) 1-0

[Event "Czech Championship U20 Open 2023"]
[Site "Jaromerice nad Rokytnou"]
[Date "2023.03.12"]
[Round "4.4"]
[White "Svanda, Ondrej"]
[Black "Jun, Rudolf"]
[Result "1/2-1/2"]
[ECO "B22"]
[WhiteElo "2366"]
[BlackElo "2152"]
[Annotator "TA"]
[PlyCount "94"]
[EventDate "2023.03.10"]
[EventType "tourn"]
[EventCountry "CZE"]
[SourceTitle "playchess.com"]
[Source "ChessBase"]
[SourceQuality "1"]
[TimeControl "40/5400+30:1800+30"]

1. e4 c5 2. c3 d5 3. exd5 Qxd5 4. d4 e5 5. Nf3 Bg4 6. dxe5 Qxd1+ 7. Kxd1 Nc6 8. Bf4 O-O-O+ 9. Nbd2 Nge7 10. Kc1 Ng6 11. Bg3 f5 {[%emt 0:03:16] B22: Sicilian: 2 c3.} (11... f6 $1 $11 {keeps the balance.}) 12. h3 $16 f4 {[%emt 0:04:58] [#] aiming for ...Bxf3.} 13. Bh2 (13. hxg4 $16 fxg3 14. fxg3) 13... Bd7 14. Bc4 Ncxe5 15. Nxe5 Nxe5 16. Bxf4 {[%emt 0:00:06] [#]} Nxc4 $146 ({Predecessor:} 16... Bd6 17. Ne4 Nxc4 18. Nxd6+ Nxd6 19. Bxd6 b6 20. Be7 Rde8 21. Re1 Bxh3 22. gxh3 Kd7 {½-½ Terao,R (2364)-Toth,C (2365) Osasco 50 Years 2012 (2)}) 17. Nxc4 Bc6 {[%emt 0:01:57] Black is weak on the dark squares} 18. f3 Bb5 19. b3 Bxc4 20. bxc4 Bd6 21. Bxd6 Rxd6 $11 {[%emt 0:02:09][%mdl 4096] Endgame KRR-KRR} 22. Rd1 Rhd8 23. Kc2 Rg6 24. Rxd8+ Kxd8 {[%emt 0:00:07] KR-KR} 25. Rd1+ Ke7 26. Rd2 Ra6 27. Kd3 (27. Re2+ $14 Kd7 28. Kb1) 27... Rd6+ {[%emt 0:00:47] The position is equal.} 28. Ke3 {[%emt 0:01:13] [#] Threatens to win with Rxd6.} Re6+ 29. Kf2 {[%emt 0:00:00] And now Re2 would win.} Ra6 30. Rb2 b6 31. Ke3 Ra4 32. Kd3 Kf6 33. g3 h6 34. Re2 g6 35. Rf2 Kf5 36. Rg2 Ra3 37. h4 Ra4 38. Re2 Ra3 39. Rh2 Ra4 40. h5 g5 41. Re2 g4 42. f4 Kf6 43. Rd2 Ke6 44. Re2+ Kf6 45. Rd2 Ke6 46. Re2+ Kf6 47. Rd2 Ke6 {[%emt 0:00:07] Weighted Error Value: White=0.07 (flawless) /Black=0.06 (flawless)} 1/2-1/2

[Event "Czech Championship U20 Open 2023"]
[Site "Jaromerice nad Rokytnou"]
[Date "2023.03.12"]
[Round "4.5"]
[White "Jares, Michal"]
[Black "Hrbek, Stepan"]
[Result "1/2-1/2"]
[ECO "A33"]
[WhiteElo "2177"]
[BlackElo "2340"]
[Annotator "TA"]
[PlyCount "61"]
[EventDate "2023.03.10"]
[EventType "tourn"]
[EventCountry "CZE"]
[SourceTitle "playchess.com"]
[Source "ChessBase"]
[SourceQuality "1"]
[TimeControl "40/5400+30:1800+30"]

1. Nf3 c5 2. c4 Nc6 3. d4 cxd4 4. Nxd4 Nf6 5. Nc3 e6 6. g3 Qb6 7. Nc2 {[%emt 0:09:04] 7.Ndb5 is becoming the main line.} Ne5 {[%emt 0:15:27] A33: Symmetrical English: 2 Nf3 Nf6 3 d4 cxd4 4 Nxd4 e6 5 Nc3 Nc6.} (7... Ng4 8. e3 Nf6 9. Bg2 $14) (7... d5 $11 {deserves consideration.}) 8. Ne3 Nfg4 ({Better is} 8... h5 $11) 9. Nxg4 $1 $14 {[%emt 0:10:40][%mdl 64] [#] Remove Defender} Nxg4 10. e3 Qc6 {[%emt 0:09:33] Threatens to win with ...Nxf2.} 11. e4 {[%emt 0:02:53] [#]} Nf6 $146 ({Predecessor:} 11... Ne5 12. Qe2 Bb4 13. f4 Bxc3+ 14. bxc3 Ng6 15. Ba3 b5 16. Bg2 Qxc4 17. Qxc4 bxc4 {1-0 Makoto,R (2378)-De Abreu,R (2110) Johannesburg PSS Prestige op rapid 2017 (1)}) 12. Qd3 b6 13. Bg2 Bb7 14. O-O d6 15. b3 Be7 16. Bb2 O-O 17. Rfd1 a6 18. Rac1 Rac8 19. h3 Rfd8 20. Qe2 Bf8 21. Kh2 Qc7 22. Rd2 Nd7 23. Rcd1 Bc6 24. f4 Qb8 {[%emt 0:02:57] [#]} (24... h6 $11 {remains equal.}) 25. e5 $1 $16 {[%emt 0:05:50] White is more active.} Bxg2 26. Qxg2 {[%emt 0:00:49] With the idea Ne4.} ({Don't do} 26. Kxg2 Qb7+ 27. Qf3 Nc5 $14) 26... Nc5 27. Ne4 dxe5 28. Bxe5 Rxd2 29. Rxd2 Qa8 30. Nxc5 Bxc5 31. Qxa8 {[%emt 0:04:16] Weighted Error Value: White=0.07 (flawless) /Black=0.11 (very precise)} 1/2-1/2

[Event "Czech Championship U20 Open 2023"]
[Site "Jaromerice nad Rokytnou"]
[Date "2023.03.12"]
[Round "4.6"]
[White "Mach, Petr"]
[Black "Ocelak, Jakub"]
[Result "1/2-1/2"]
[ECO "A58"]
[WhiteElo "2167"]
[BlackElo "2190"]
[Annotator "TA"]
[PlyCount "39"]
[EventDate "2023.03.10"]
[EventType "tourn"]
[EventCountry "CZE"]
[SourceTitle "playchess.com"]
[Source "ChessBase"]
[SourceQuality "1"]
[TimeControl "40/5400+30:1800+30"]

1. c4 Nf6 2. d4 c5 3. d5 b5 4. cxb5 a6 5. bxa6 g6 6. Nc3 Bg7 7. g3 O-O 8. Bg2 d6 9. Nf3 Nxa6 10. O-O Bf5 {[%emt 0:00:02] E60: King's Indian: Unusual lines and Fianchetto Variation without Nc3.} 11. Nh4 {[%emt 0:02:36] Strongly threatening Nxf5.} Bd7 12. Nf3 Bf5 13. Nh4 {[%emt 0:03:39] Black must now prevent Nxf5.} Bd7 {[%emt 0:00:21] The position is equal.} 14. Rb1 Qa5 15. Bd2 Rfb8 16. b3 Qa3 17. Bc1 Qa5 18. Bd2 Qa3 19. Bc1 Qa5 {[%mdl 1024] [#] Black has compensation.} 20. Bd2 $146 {An uneventful encounter.   Weighted Error Value: White=0.09 (flawless) /Black=0.02 (flawless)} ({Predecessor:} 20. Bb2 Ne8 21. Qc1 c4 22. Ne4 cxb3 23. Bxg7 Nxg7 24. axb3 Qb4 25. Qc4 Bb5 26. Qxb4 Nxb4 27. Nc3 Na2 28. Nxb5 Rxb5 29. Nf3 Rb4 30. e3 Nf5 {½-½ Kornev,A (2511)-Shomoev,A (2566) RUS-ch Higher League 64th 2011 (10)}) 1/2-1/2

[Event "Czech Championship U20 Open 2023"]
[Site "Jaromerice nad Rokytnou"]
[Date "2023.03.13"]
[Round "5.1"]
[White "Ocelak, Jakub"]
[Black "Hlavina, Matous"]
[Result "1-0"]
[ECO "D00"]
[WhiteElo "2190"]
[BlackElo "2091"]
[Annotator "TA"]
[PlyCount "77"]
[EventDate "2023.03.10"]
[EventType "tourn"]
[EventCountry "CZE"]
[SourceTitle "playchess.com"]
[Source "ChessBase"]
[SourceQuality "1"]
[TimeControl "40/5400+30:1800+30"]

1. d4 d5 2. Nc3 Nf6 3. Bf4 a6 4. e3 Bf5 5. Bd3 Bxd3 6. cxd3 {[%emt 0:00:01] D00: 1 d4 d5: Unusual lines.} e6 7. Qb3 b6 8. Nf3 {[%emt 0:08:10] [#] White has an edge.} Bd6 $146 ({Predecessor:} 8... Nbd7 9. e4 c6 10. h3 Be7 11. e5 Ng8 12. Ne2 h5 13. O-O-O c5 14. Kb1 h4 {1-0 Niemann,H (2642)-Ju,W (2560) Charity Cup Prelim rapid 2022 (8)}) 9. Bxd6 cxd6 10. e4 dxe4 11. dxe4 d5 12. exd5 Nxd5 (12... exd5 $14 13. Ne5 O-O) 13. Nxd5 $16 Qxd5 14. Qxd5 ({Much worse is} 14. Qxb6 Qe4+ 15. Kd2 (15. Kf1 O-O $11) 15... O-O $11) 14... exd5 {[%emt 0:00:00] [#]} 15. Rc1 $1 {[%emt 0:01:56] Strongly threatening Rc8+.} Nd7 16. Rc6 Rb8 17. O-O O-O 18. Rc7 Rfd8 19. Rfc1 Kf8 20. g3 {[%emt 0:05:28] White is much more active.} f6 {[%emt 0:01:08] Loses the game.} (20... Ke8 $16 21. Kg2 a5) 21. Nh4 $18 g6 22. Ng2 {[%emt 0:00:17] Black must now prevent Nf4.} b5 23. Nf4 Rb6 {[%emt 0:01:09] Repels Ne6+} 24. R1c6 ({Don't take} 24. Nxd5 $6 Rd6 $16) 24... Rxc6 25. Rxc6 {[%emt 0:00:02][%mdl 4096] [#] Endgame And now Ne6+ would win. KRN-KRN} Kf7 {[%emt 0:02:16] Inhibits Ne6.} 26. Rxa6 Rc8 27. Nxd5 Rc2 28. b3 Rd2 29. Rd6 Nf8 30. Rxf6+ Kg7 31. Rb6 Rxa2 32. Rxb5 {[%emt 0:00:29] aiming for Rb7+.} Rd2 (32... Ne6 $142 33. Rb7+ Kh6) 33. Rb7+ Kh6 (33... Kh8 $142 34. Nf6 Rxd4) 34. Nf6 Rxd4 35. Rf7 Rd3 36. Ng8+ Kg5 37. Rxf8 Kg4 38. Rf4+ (38. Kg2 $142 Rxb3 39. Nf6+ Kf5 40. Nxh7+ Ke6 41. Rf6+ Ke7 42. Rxg6 Kf7 43. Rd6) 38... Kh3 39. Rh4# {Weighted Error Value: White=0.09 (flawless) /Black=0.74} 1-0

[Event "Czech Championship U20 Open 2023"]
[Site "Jaromerice nad Rokytnou"]
[Date "2023.03.13"]
[Round "5.2"]
[White "Hrbek, Stepan"]
[Black "Mach, Petr"]
[Result "1-0"]
[ECO "D43"]
[WhiteElo "2340"]
[BlackElo "2167"]
[Annotator "TA"]
[PlyCount "47"]
[EventDate "2023.03.10"]
[EventType "tourn"]
[EventCountry "CZE"]
[SourceTitle "playchess.com"]
[Source "ChessBase"]
[SourceQuality "1"]
[TimeControl "40/5400+30:1800+30"]

1. d4 e6 2. c4 Nf6 3. Nf3 d5 4. Nc3 c6 5. Bg5 h6 6. Bh4 Qb6 {[%emt 0:03:29] D43: Semi-Slav: 5 Bg5 h6.} (6... dxc4 $11 7. e4 g5) 7. Qc2 $14 dxc4 8. e4 {[%emt 0:01:06] [#]} g5 $146 {[%emt 0:02:27] White is slightly better.} ({Predecessor:} 8... Na6 9. Bxc4 Nb4 10. Qe2 g5 11. Bg3 g4 12. Ne5 Qxd4 13. Rd1 Qb6 14. O-O h5 15. a3 {1-0 Dmitrieva,G (2201)-Pajuelo,J ICCF FM/1513 2012}) 9. Bg3 g4 (9... Nh5 $16) 10. Ne5 Qxd4 11. Rd1 ({Less strong is} 11. Bxc4 Nbd7 12. Rd1 Qc5 $14) 11... Qc5 12. Nxc4 {[%emt 0:00:34] Nd6+ would be deadly.} ({Much less strong is} 12. Qd2 $6 Nbd7 $16) 12... Nbd7 13. Nd6+ Bxd6 14. Bxd6 Qg5 15. Be2 Nf8 $2 (15... e5 $16 16. Qd3 Nh5) 16. e5 $18 {[%emt 0:21:53] Black is weak on the dark squares} Nd5 17. Ne4 Qg7 {[%emt 0:01:59] [#]} (17... Qf5 $142 18. Bc7 Qxe4 19. Qxe4 Nxc7 20. Qxg4 Ng6) 18. Rxd5 $1 {[%emt 0:16:30][%mdl 576] Remove Defender} exd5 19. Nf6+ Kd8 20. Qc5 {[%emt 0:00:05][%cal Od6c7] Bc7+! would kill now.} Be6 21. Be7+ {[%emt 0:00:28] A strong pair of Bishops.} (21. Qb4 $142 Qxf6 22. exf6) 21... Kc8 {[%emt 0:00:16] [#]} 22. Ba6 $1 {[%emt 0:00:17][%mdl 576] Deflection} Kb8 (22... Bd7 23. O-O) 23. Qd6+ Kc8 24. Qd8# {[%emt 0:00:06] Black did not feel at home in the position after the opening. A cool game by Hrbek.   Weighted Error Value: White=0.11 (very precise) /Black=1.05} 1-0

[Event "Czech Championship U20 Open 2023"]
[Site "Jaromerice nad Rokytnou"]
[Date "2023.03.13"]
[Round "5.3"]
[White "Jun, Rudolf"]
[Black "Jares, Michal"]
[Result "1/2-1/2"]
[ECO "B15"]
[WhiteElo "2152"]
[BlackElo "2177"]
[Annotator "TA"]
[PlyCount "159"]
[EventDate "2023.03.10"]
[EventType "tourn"]
[EventCountry "CZE"]
[SourceTitle "playchess.com"]
[Source "ChessBase"]
[SourceQuality "1"]
[TimeControl "40/5400+30:1800+30"]

1. e4 c6 2. d4 d5 3. Nd2 dxe4 4. Nxe4 Nf6 5. Ng3 g6 6. Nf3 Bg7 7. Be2 Qc7 {[%emt 0:07:32] [#] B15: Caro-Kann: 3 Nc3: 3...g6 and 3...dxe4 4 Nxe4 Nf6 5 Nxf6+ exf6.} 8. O-O $146 ({Predecessor:} 8. h4 Bg4 9. Bg5 Nbd7 10. Qd2 O-O-O 11. a4 e5 12. b4 Rhe8 13. O-O h6 14. Be3 {0-1 Dashdorj,B-Savitski,A (2007) Wch U12 Kemer 2007 (9)}) 8... h5 9. h4 (9. Bc4 $14) 9... Bg4 $11 10. Ne5 Nbd7 11. Nxg4 Nxg4 12. Bxg4 hxg4 13. Qxg4 Nf6 14. Qf4 Qxf4 15. Bxf4 Rxh4 (15... Nd5 $5 16. Bd2 Bxd4 $15) 16. Be5 O-O-O 17. Rfe1 Bf8 18. Ne2 Bg7 19. Ng3 Rdh8 20. f3 Kd7 21. c3 Nh5 {[%emt 0:07:33] ...Bxe5 would be deadly.} 22. Nxh5 Bxe5 23. Rxe5 {[%emt 0:01:04] Threatens to win with Ng3.} R4xh5 24. Rxh5 Rxh5 {[%emt 0:00:04][%mdl 4096] Endgame KR-KR} 25. Kf2 Kd6 26. b3 a5 27. Ke3 Rh2 28. Kf2 b6 29. Kg3 Rh5 30. Kf4 {[%emt 0:01:39] [#]} a4 $1 31. bxa4 (31. Rc1 axb3) 31... Ra5 32. Rb1 Rxa4 33. Rxb6 Rxa2 34. g4 {[%emt 0:04:47] [#]} Ra3 $1 35. c4 Ra4 36. c5+ Kd5 {[%emt 0:00:10] Hoping for ...e5+.} 37. Ke3 Rxd4 ({Better is} 37... Ra3+ $17 38. Kf4 g5+ 39. Kxg5 Rxf3) 38. Rxc6 {[%emt 0:00:37][%mdl 64] Deflection. The position is equal.} Rxg4 39. Rc7 Rg5 {[%emt 0:02:48] White should prevent ...Re5+.} 40. f4 {[%emt 0:00:20] Repels Re5+} Rf5 {[%emt 0:02:26] next ...e5 is good for Black.} 41. Rxe7 Kxc5 42. Kf3 Kd6 43. Ra7 Ke6 44. Kg4 Kf6 45. Ra6+ Kg7 46. Ra7 Rb5 47. Rc7 Rb1 48. Ra7 Rg1+ 49. Kf3 Rh1 50. Kg4 Re1 51. Rb7 Re6 52. Ra7 Rf6 53. Kg5 Rf5+ 54. Kg4 Kh6 55. Rb7 Rf6 56. Ra7 Kg7 57. Kg5 $1 Rb6 58. Rc7 Rb1 59. Kg4 Rg1+ 60. Kf3 g5 61. fxg5 Rxg5 62. Kf4 Ra5 63. Rb7 Kg6 64. Rb6+ f6 65. Rb3 $1 Ra4+ 66. Kf3 Kg5 67. Kg3 Rg4+ 68. Kf3 Rc4 69. Kg3 f5 70. Ra3 Rg4+ 71. Kf3 Rh4 72. Kg3 {[%emt 0:00:00] Prevents Rh3+} f4+ 73. Kg2 Kg4 74. Ra8 f3+ 75. Kf2 Rh2+ 76. Kf1 Rh5 77. Kf2 Rh2+ 78. Kf1 f2 79. Rg8+ Kf3 {[%emt 0:00:00] ( -> ...Rh1+)} 80. Rf8+ {[%emt 0:00:00] Weighted Error Value: White=0.04 (flawless) /Black=0.05 (flawless)} 1/2-1/2